cohdb
Replays
Latest Replays
All Replays
Popular Replays
Top Player Replays
Match Explorer
How It Works
Community
CoH3 Stats
Reddit
Sign in to upload your games and track your stats! →
Sign in with Steam
Match 43914897
Unlisted
Match 43914897
Overview
Messages
Build Orders
End
Scout Squad
Selects Airborne Battlegroup
Selects Pathfinders
Construct Barracks
1⁄4-ton 4x4 Truck
1⁄4-ton 4x4 Truck
Engineer Squad
Air Support Center
Selects Paratrooper Squad Paradrop
Paratrooper Squad Paradrop
Construct Medical Station
Grasshopper Recon Run
Paratrooper Squad Paradrop
Selects Anti-tank Gun Team Paradrop
Construct Motor Pool
Grasshopper Recon Run
M24 Chaffee Light Tank
Selects Recon Loiter
Selects Supply Drop
Supply Drop
Grasshopper Recon Run
M24 Chaffee Light Tank
Supply Drop
Grasshopper Recon Run
Engineer Squad
Selects Dual P-47 Rocket Strike
M24 Chaffee Light Tank
Grasshopper Recon Run
P-47 Strafing Run
Supply Drop
Recon Loiter
Grasshopper Recon Run
.30 cal Machine Gun
M24 Chaffee Light Tank
P-47 Strafing Run
M24 Chaffee Light Tank
Grasshopper Recon Run
Recon Loiter
P-47 Strafing Run
P-47 Dive Bomb
Dual P-47 Rocket Strike
M24 Chaffee Light Tank
Supply Drop
Rotate Myself
Agnes Claudel
MrGlaucus
Discoverer
0
0
Comments
sign in to comment!
No comments posted yet!